 Dungeon Crawl Stone Soup version 0.18-a0-853-gfe32976 (webtiles) character file.

105 HrabiaVulpes the Slasher (level 4, -6/35 HPs)
             Began as a Demonspawn Chaos Knight on Dec 21, 2015.
             Mangled by a gnoll
             ... wielding a +0 whip
              (10 damage)
             ... on level 3 of the Dungeon.
             The game lasted 00:09:31 (2297 turns).

HrabiaVulpes the Slasher (Demonspawn Chaos Knight)  Turns: 2297, Time: 00:09:31

Health: -6/35      AC:  7    Str: 14      XL:     4   Next: 53%
Magic:  0/4        EV: 12    Int: 10 (13) God:    Xom [*.....]
Gold:   140        SH:  0    Dex: 11 (12) Spells: 0 memorised, 3 levels left

rFire  . . .     SeeInvis .     a - +1 falchion (chaos)
rCold  . . .     Gourm    .     b - +2 leather armour
rNeg   . . .     Faith    .     (no shield)
rPois  .         Spirit   +     (no helmet)
rElec  .         Dismiss  .     k - +1 cloak
rCorr  .         Reflect  .     (no gloves)
SustAt .         Harm     .     (no boots)
MR     .....     Rnd*Tele +     e - amulet of guardian spirit
Stlth  +.........               (no ring)
                                h - ring of teleportation (curse)

@: not resistant to hostile enchantments, very unstealthy
A: claws 1
a: Renounce Religion, Evoke Teleportation


You were on level 3 of the Dungeon.
You worshipped Xom.
You were a special plaything of Xom.
You were not hungry.

You visited 1 branch of the dungeon, and saw 3 of its levels.

You collected 140 gold pieces.

Inventory:

Hand Weapons
 a - a +1 falchion of chaos (weapon)
Armour
 b - a +2 leather armour (worn)
 k - a +1 cloak (worn)
Jewellery
 e - an amulet of guardian spirit (around neck)
 h - a cursed ring of teleportation (left claw)
Wands
 d - a wand of magic darts (18/48)
Scrolls
 i - a scroll of identify
Potions
 f - a potion of brilliance
Comestibles
 c - 2 bread rations
 g - 4 chunks of flesh


   Skills:
 + Level 3.4 Fighting
 * Level 3.7 Long Blades
 + Level 2.3 Armour
 + Level 2.1 Dodging


You had 3 spell levels left.
You didn't know any spells.

Dungeon Overview and Level Annotations

Branches:
Dungeon (3/15)

Altars:

Annotations:
D:3 Robin, Terence


Innate Abilities, Weirdness & Mutations

You have sharp fingernails.


Message History

The gnoll hits you but does no damage. The gnoll hits you with a halberd!
The gnoll hits you with a flail.
The iron imp shouts, "Slither away, thou jarring moldwarp flap-bat!"
A rat comes into view.
You hit the gnoll but do no damage.
The gnoll goes berserk!
The gnoll is severely wounded.
The gnoll barely misses you. The gnoll hits you with a whip.
* * * LOW HITPOINT WARNING * * *
The gnoll hits you with a halberd.
* * * LOW HITPOINT WARNING * * *
The crimson imp grins evilly.
The crimson imp hits you but does no damage.
The gnoll misses you.
Press: ? - help, v - describe, . - travel
Here: an iron imp (summoned)
The floor.
The gnoll barely misses you. The gnoll hits you but does no damage.
The gnoll hits you with a whip!
You die...
Xom guffaws!

...##......8........#
#.#......8.8.......##
#.....>.8._.8....# #.
#........8.8...#)###.
##........8...##.).#.
#......g..r....###...
#...55......%#..##...
#....gg.....###..#...
#.#.@.............#..
#.#..........##.....#
..#..........##......
#..#..........###....#
##............# #.....
#.................##
#...........####
#.#..........


You could see an iron imp, 3 gnolls, a crimson imp and a rat.

Vanquished Creatures
  Crazy Yiuf (D:2)
  2 adders (D:2)
  A gnoll (D:1)
  A worm (D:3)
  2 giant geckos
  3 bats
  3 giant cockroaches
  12 goblins
  3 hobgoblins
  2 jackals (D:1)
  A ball python (D:1)
  3 giant newts
  5 kobolds
  11 rats
50 creatures vanquished.

Notes
Turn   | Place    | Note
--------------------------------------------------------------
     0 | D:1      | HrabiaVulpes the Demonspawn Chaos Knight began the quest for the Orb.
     0 | D:1      | Reached XP level 1. HP: 18/18 MP: 1/1
    49 | D:1      | Reached skill level 1 in Dodging
   110 | D:1      | Gained mutation: You have sharp fingernails. [demonic ancestry]
   110 | D:1      | Reached XP level 2. HP: 20/24 MP: 2/2
   307 | D:1      | XOM: mild Ice miscast
   700 | D:1      | XOM: silly message
   732 | D:1      | XOM: silly message
   755 | D:1      | Reached XP level 3. HP: 26/29 MP: 1/3
  1539 | D:2      | Noticed Crazy Yiuf
  1547 | D:2      | Killed Crazy Yiuf
  1547 | D:2      | Reached XP level 4. HP: 30/35 MP: 2/4
  1719 | D:2      | XOM: cast spell 'Confusing Touch'
  1878 | D:2      | XOM: summons 2 hostile demons
  1988 | D:3      | Noticed a centaur
  1991 | D:3      | Noticed Terence
  2191 | D:3      | Noticed Robin
  2217 | D:3      | Found a faded altar to an unknown god.
  2292 | D:3      | XOM: summons 2 hostile demons
  2297 | D:3      | Mangled by a gnoll

Vault maps used:
D:1:      dpeg_arrival_ratfight
D:2:      uniq_crazy_yiuf_cottage
D:3:      ecumenical_altar_2, uniq_terence, uniq_robin

Action                   |  1- 3 |  4- 6 || total
-------------------------+-------+-------++-------
Melee: Falchion          |   107 |    61 ||   168
  Use: Scroll            |     3 |     1 ||     4
       Potion            |     3 |     2 ||     5
 Stab: Sleeping          |     1 |       ||     1
  Eat: Chunk             |     2 |     1 ||     3
       Bread ration      |       |     1 ||     1
